 Dungeon Crawl Stone Soup version 0.28-a0-429-g1448048969 (webtiles) character file.

Game seed: 608759269596785253

61 omnomnOMINOUS the Magician (level 4, -2/29 HPs)
             Began as an Octopode Wanderer on Sept 12, 2021.
             Was a Follower of Wu Jian.
             Slain by Sigmund (11 damage)
             ... on level 2 of the Dungeon.
             The game lasted 00:09:44 (1742 turns).

omnomnOMINOUS the Magician (Octopode Wanderer)      Turns: 1742, Time: 00:09:44

Health: -2/29      AC:  1    Str: 11    XL:     4   Next: 7%
Magic:  6/8        EV: 13    Int: 15    God:    Wu Jian [*.....]
Gold:   80         SH:  0    Dex: 11    Spells: 8/9 levels left

rFire   . . .      SeeInvis .   a - +0 spear
rCold   . . .      Faith    .   (no shield)
rNeg    . . .      Spirit   .   (helmet restricted)
rPois   .          Reflect  .   h - amulet of regeneration
rElec   .          Harm     .   (no ring)
rCorr   .          Rampage  .   (no ring)
Will    .....                   (no ring)
Stlth   +++.......              (no ring)
HPRegen 1.09/turn               (no ring)
MPRegen 0.11/turn               (no ring)
                                (no ring)
                                (no ring)

@: attractive, hasted, very quick
A: almost no armour, amphibious, 8 rings, camouflage 1, gelatinous body 1,
(nimble swimmer 1), tentacles
a: Renounce Religion


You were on level 2 of the Dungeon.
You worshipped Wu Jian.
Wu Jian was aware of your devotion.
You visited 1 branch of the dungeon, and saw 2 of its levels.

You collected 80 gold pieces.

Inventory:

Hand Weapons
 a - a +0 spear (weapon)
Jewellery
 h - an amulet of regeneration (around mantle)
Scrolls
 b - 2 scrolls of identify {unknown}
 d - a scroll of enchant armour {unknown}
 g - a scroll of fear {unknown}
 i - a scroll of enchant weapon {unknown}
Potions
 c - a potion of attraction
 e - 2 potions of curing


   Skills:
 - Level 2.0 Fighting
 - Level 1.0 Bows
 + Level 1.8 Dodging
 - Level 2.6 Stealth
 - Level 3.0 Spellcasting
 * Level 2.8 Conjurations
 - Level 2.0 Fire Magic


You had 8 spell levels left.
You knew the following spells:

 Your Spells              Type           Power      Damage    Failure   Level
a - Foxfire               Conj/Fire      36%        2x1d5     8%          1

Your spell library contained the following spells:

 Spells                   Type           Power      Damage    Failure   Level
 Scorch                   Fire           16%        2d6       13%         2
 Freeze                   Ice            8%         1d3       21%         1
 Conjure Flame            Conj/Fire      9%         6-21      22%         3
 Ensorcelled Hibernation  Hex/Ice        4%         N/A       30%         2
 Slow                     Hex            2%         N/A       30%         2
 Inner Flame              Hex/Fire       5%         N/A       36%         3
 Frozen Ramparts          Ice            4%         1d2       52%         3
 Flame Wave               Conj/Fire      9%         3d4       58%         4
 Hailstorm                Conj/Ice       6%         3d4       73%         4


Dungeon Overview and Level Annotations

Branches:
Dungeon (2/15)

Altars:
Wu Jian

Annotations:
D:2 Sigmund


Innate Abilities, Weirdness & Mutations

You cannot wear most types of armour.
You are amphibious.
You can wear up to eight rings at the same time.
Your skin changes colour to match your surroundings (Stealth+).
Your rubbery body absorbs attacks. (AC +1, EV +1)
((You are camouflaged near water. (Stealth+)))
You have tentacles for arms and can constrict up to eight enemies at once.


Message History

Confirm with . or Enter, or press ? or * to list all spells.
You conjure some foxfire!
The foxfire hits Sigmund.
Sigmund is severely wounded.
The foxfire hits Sigmund.
Sigmund is almost dead.
Sigmund points at you and mumbles some strange words.
You are confused.
Unknown command.
You're too confused to cast spells.
Unknown command.
You bump into the crystal wall.
Sigmund hits you from afar with a +0 scythe!
You bump into the crystal wall.
You're too confused to move!
Sigmund barely misses you.
Sigmund casts a spell.
Sigmund flickers and vanishes!
Deactivating autopickup; reactivate with Ctrl-A.
You're too confused to cast spells.
Unknown command.
You closely miss something. Your squeeze misses something. Something hits you.
Okay, then.
Unknown command.
You're too confused to move!
You feel less confused.
You hear some strange, mumbled words.
You are confused.
Something hits you!
You barely miss something. Your squeeze misses something. Something hits you!
* * * LOW HITPOINT WARNING * * *
It was a potion of curing.
You feel better. Something barely misses you.
You barely miss something. You miss something. Something hits you.
You hit something. You squeeze something. Something hits you!
* * * LOW HITPOINT WARNING * * *
Unknown command.
It was a potion of attraction.
You feel attractive to monsters.
It was a potion of haste.
You feel yourself speed up. Something hits you!
You die...

##############
#...{#..##..§#
#.8@#.##.#.#§###
#...####.#.#.'.#
#######.##'###.#
#...#.'##...##.####
#+#)#@###.#..#....#
#.#...#..)##)#....##
#@#####'#v...#......
#...@...#######.....
#########...........


There were no monsters in sight!

Vanquished Creatures
  2 adders (D:2)
  2 worms (D:2)
  3 ball pythons (D:2)
  3 bats
  3 endoplasms
  5 goblins
  6 hobgoblins
  4 jackals
  A quokka (D:1)
  2 kobolds
  2 rats
33 creatures vanquished.

Vanquished Creatures (others)
  69 foxfires
69 creatures vanquished.

Grand Total: 102 creatures vanquished

Notes
Turn   | Place    | Note
-------+----------+-------------------------------------------
     0 | D:1      | omnomnOMINOUS the Octopode Wanderer began the quest for the
                  | Orb.
     0 | D:1      | omnomnOMINOUS set off with the following items: a +0 club,
                  | a +0 dagger; and the following spells available to
                  | memorise: Foxfire, Scorch, Freeze, Ensorcelled Hibernation,
                  | Slow, Conjure Flame, Inner Flame, Frozen Ramparts, Flame
                  | Wave
     0 | D:1      | Reached XP level 1. HP: 14/14 MP: 4/4
     2 | D:1      | Learned a level 1 spell: Foxfire
   140 | D:1      | Reached skill level 1 in Conjurations
   173 | D:1      | Reached XP level 2. HP: 6/19 MP: 6/6
   435 | D:1      | Reached skill level 1 in Dodging
   887 | D:2      | Reached XP level 3. HP: 24/24 MP: 3/7
   928 | D:2      | Found a faded altar of an unknown god.
   938 | D:2      | Became a worshipper of the Wu Jian Council
   938 | D:2      | Reached * piety under Wu Jian
  1287 | D:2      | Noticed Sigmund
  1545 | D:2      | Reached XP level 4. HP: 28/29 MP: 6/8
  1742 | D:2      | Slain by Sigmund

Illustrated notes

Levels and vault maps discovered:
D:1:      tarquinn_simple_flora_water_a, layout_basic
D:2:      minmay_chambers_of_ones, layout_rooms,
          hellmonk_ecumenical_altar_arch_garden, uniq_sigmund

Skill      XL: |  1  2 |
---------------+-------+-----
Conjurations   | 1 2 |  2.8
Dodging        | 1 |  1.8
Fighting       | |  2.0
Bows           | |  1.0
Stealth        | |  2.6
Spellcasting   | |  3.0
Fire Magic     | |  2.0

Action                   |  1- 3 |  4- 6 || total
-------------------------+-------+-------++-------
Melee: Constrict         |    12 |     1 ||    13
       Dagger            |     6 |       ||     6
       Club              |     4 |       ||     4
       Tentacles         |     7 |     1 ||     8
       Spear             |    38 |    11 ||    49
 Cast: Foxfire           |    37 |    10 ||    47
Invok: Lunge             |     1 |       ||     1
  Use: Potion            |       |     3 ||     3
 Stab: Sleeping          |     1 |     2 ||     3
Armor: Skin              |     3 |     1 ||     4
Dodge: Dodged            |    26 |     3 ||    29

Table legend: (Time is in decaauts)
 A = Elapsed time spent in this place.
 B = Non-inter-level travel time spent in this place.
 C = Inter-level travel time spent in this place.
 D = Time resting spent in this place.
 E = Time spent auto-exploring this place.
 F = Levels seen in this place.
 G = Mean time per level.
                   A        B        C        D        E       F      G
               +--------+--------+--------+--------+--------+-----+--------+
         Total |   1746 |   1732 |     14 |    442 |    813 |   2 |  873.0 |
       Dungeon |   1746 |   1732 |     14 |    442 |    813 |   2 |  873.0 |
               +--------+--------+--------+--------+--------+-----+--------+

Top non-repeatable levels by time:
     D:2: 928 daAuts
     D:1: 818 daAuts
